 Dungeon Crawl Stone Soup version 0.28-a0-1227-ga9037bb4c8 (webtiles) character file.

Game seed: 2725903730533866822

86 avis the Insei (level 4, -4/29 HPs)
             Began as an Octopode Transmuter on Dec 22, 2021.
             Killed by divine providence
             ... invoked by an orc priest
              (11 damage)
             ... on level 3 of the Dungeon.
             The game lasted 00:18:50 (3705 turns).

avis the Insei (Octopode Transmuter)                Turns: 3705, Time: 00:18:51

Health: -4/29      AC:  2    Str: 11    XL:     4   Next: 49%
Magic:  5/7        EV: 20    Int: 21    God:
Gold:   135        SH:  0    Dex: 17    Spells: 1/7 levels left

rFire   . . .      SeeInvis .     - Unarmed
rCold   . . .      Faith    .   (shield currently unavailable)
rNeg    . . .      Spirit   .   (helmet currently unavailable)
rPois   x          Reflect  .   (no amulet)
rElec   .          Harm     .   h - +6 ring of intelligence
rCorr   .          Rampage  .   (no ring)
Will    .....                   (no ring)
Stlth   ++........              (no ring)
HPRegen 0.09/turn               (no ring)
MPRegen 0.10/turn               (no ring)
                                (no ring)
                                (no ring)

@: spider-form (expiring)
A: venomous fangs, almost no armour, (amphibious), 8 rings, tiny, (camouflage
1), (gelatinous body 1), (nimble swimmer 1), (tentacles)
a: End Transformation


You were on level 3 of the Dungeon.
You were a venomous arachnid creature.
You visited 1 branch of the dungeon, and saw 3 of its levels.

You collected 135 gold pieces.

Inventory:

Hand Weapons
 i - a +2 dagger of venom
 k - a +2 dagger of freezing
Missiles
 a - 38 arrows
 d - 19 sling bullets
 o - 57 stones
Magical Staves
 j - a staff of fire
Jewellery
 h - a +6 ring of intelligence (left front leg)
Scrolls
 c - 3 scrolls of noise {unknown}
 e - a scroll of acquirement {unknown}
 f - a scroll of torment {unknown}
 g - a scroll of holy word {unknown}
 n - 3 scrolls of identify {unknown}
 p - a scroll of magic mapping {unknown}
 r - 2 scrolls of enchant armour {unknown}
Potions
 b - a potion of invisibility {unknown}
 l - 2 potions of curing {unknown}
 m - 2 potions of might {unknown}
 q - a potion of berserk rage {unknown}


   Skills:
 - Level 2.0 Fighting
 - Level 3.0 Dodging
 - Level 2.0 Stealth
 * Level 3.7 Unarmed Combat
 - Level 2.0 Spellcasting
 - Level 2.0 Transmutations
 - Level 1.0 Poison Magic


You had one spell level left.
You knew the following spells:

 Your Spells              Type           Power      Damage    Failure   Level
a - Beastly Appendage     Tmut           20%        N/A       17%         1
b - Blink                 Tloc           4%         N/A       43%         2
p - Spider Form           Tmut/Pois      8%         N/A       45%         3

Your spell library contained the following spells:

 Spells                   Type           Power      Damage    Failure   Level
 Wereblood                Tmut           10%        N/A       24%         2
 Inner Flame              Hex/Fire       2%         N/A       63%         3
 Lesser Beckoning         Tloc           2%         N/A       63%         3
 Tukima's Dance           Hex            2%         N/A       63%         3
 Ice Form                 Ice/Tmut       6%         N/A       85%         4
 Manifold Assault         Tloc           2%         N/A       99%         5
 Dispersal                Tloc           1%         N/A       100%        6


Dungeon Overview and Level Annotations

Branches:
Dungeon (3/15)

Altars:
Yredelemnul
Zin

Annotations:
D:3 Ijyb


Innate Abilities, Weirdness & Mutations

You are a venomous arachnid creature.
You have poisonous fangs.
You are tiny and dextrous.
Your spellcasting is less reliable in this form.
Your armour is entirely melded.
You are incapable of wielding weapons or throwing items.
You cannot wear most types of armour.
((You are amphibious.))
You can wear up to eight rings at the same time.
((Your skin changes colour to match your surroundings (Stealth+).))
((Your rubbery body absorbs attacks. (AC +1, EV +1)))
((You are camouflaged when in or above water. (Stealth+)))
((You have tentacles for arms and can constrict up to eight enemies at once.))


Message History

You open the door.
Found a glowing silver altar of Zin.
A kobold comes into view. It is wielding a +0 dagger.
Casting: Spider Form (quite dangerous; 24% risk of failure)
Confirm with . or Enter, or press ? or * to list all spells.
The spell is quite dangerous to miscast (24% risk of failure)!
Continue anyway?
You turn into a venomous arachnid creature.
The kobold shouts!
You hit the kobold.
You kill the kobold!
Your transformation is almost over.
Your transformation has ended.
Things that are here:
a +0 dagger; a kobold corpse Ijyb the Twisted Goblin comes into view.
She is wielding a +0 club and carrying a wand of digging (9).
Found a scroll labelled NAUCLE QODGHEL.
r - 2 scrolls labelled NAUCLE QODGHEL (gained 1)
An orc comes into view. It is wielding a +0 club.
An orc wizard comes into view. It is wielding a +0 dagger.
An orc priest comes into view. It is wielding a +0 hand axe.
Found an escape hatch in the floor.
Okay, then.
Casting: Spider Form (quite dangerous; 24% risk of failure)
Confirm with . or Enter, or press ? or * to list all spells.
The spell is quite dangerous to miscast (24% risk of failure)!
Continue anyway?
You turn into a venomous arachnid creature.
Your transformation is almost over.
An orc comes into view. It is wielding a +0 dagger.
The orc shouts! x2
The orc misses you.
You bite the orc!
You kill the orc!
The orc priest invokes the aid of Beogh against you.
Beogh smites you! The orc wizard casts a spell at you.
The puff of flame hits you!
* * * LOW HITPOINT WARNING * * *
The orc priest calls down the wrath of Beogh upon you.
Beogh smites you!
You die...

+.....). ####....
##.#. ###. ## #.
..#### #+# ####. ...#
#.# #....
#.#####.###.# #.##.
#...oo.s..#.#### #.###
#..>..#o#....#.## #.#
#..## #.#.......####.#
#..##.#.#............#
.......#.#.#...######
#.##..........##
#.######.######
#........# ##########


You could see an orc priest, an orc wizard and an orc.

Vanquished Creatures
  A gnoll (D:1)
  An adder (D:2)
  2 dart slugs
  An orc (D:3)
  7 endoplasms
  2 giant cockroaches (D:1)
  8 hobgoblins
  3 jackals (D:1)
  5 kobolds
  A quokka (D:1)
  5 ball pythons
  8 bats
  2 frilled lizards (D:1)
  5 goblins
  6 rats
57 creatures vanquished.

Notes
Turn   | Place    | Note
-------+----------+-------------------------------------------
     0 | D:1      | avis the Octopode Transmuter began the quest for the Orb.
     0 | D:1      | Reached XP level 1. HP: 13/13 MP: 3/3
    40 | D:1      | Reached skill level 1 in Stealth
   188 | D:1      | Reached XP level 2. HP: 19/19 MP: 3/5
   230 | D:1      | Found a faded altar of an unknown god.
   525 | D:1      | Reached XP level 3. HP: 11/24 MP: 6/6
   747 | D:1      | Learned a level 3 spell: Spider Form
  1365 | D:2      | Reached skill level 1 in Poison Magic
  1778 | D:2      | Reached XP level 4. HP: 29/29 MP: 3/7
  1904 | D:2      | Upgraded the game from 0.28-a0-1213-g0243856f03 to
                  | 0.28-a0-1227-ga9037bb4c8
  2052 | D:2      | Got Sif Muna's Volume of Spatial Beguiling
  2077 | D:2      | Learned a level 2 spell: Blink
  2088 | D:2      | Found a basalt altar of Yredelemnul.
  3571 | D:3      | Found a glowing silver altar of Zin.
  3636 | D:3      | Noticed Ijyb
  3705 | D:3      | Killed from afar by an orc priest

Illustrated notes

Levels and vault maps discovered:
D:1:      lemuel_arrival_lava_pool, layout_loops_ring,
          nicolae_ecumenical_lake_church
D:2:      layout_basic, basic_altar, chequers_serial_rivers_large_a
D:3:      layout_loops_corners, zin_statuary, mainiacjoe_overflow_big_doors,
          uniq_ijyb

Skill      XL: |  1  2  3 |
---------------+----------+-----
Stealth        | 1 2 |  2.0
Fighting       | 2 |  2.0
Dodging        | 3 |  3.0
Poison Magic   | 1 |  1.0
Unarmed Combat | |  3.7
Spellcasting   | |  2.0
Transmutations | |  2.0

Action                   |  1- 3 |  4- 6 || total
-------------------------+-------+-------++-------
Melee: Unarmed           |    71 |    40 ||   111
       Kick              |    14 |       ||    14
       Constrict         |    14 |     2 ||    16
       Tentacles         |     8 |       ||     8
       Punch             |     2 |       ||     2
 Cast: Beastly Appendage |    19 |     3 ||    22
       Spider Form       |     7 |    15 ||    22
 Stab: Sleeping          |    10 |     3 ||    13
Armor: Skin              |     4 |     5 ||     9
Dodge: Dodged            |    29 |    24 ||    53

Table legend: (Time is in decaauts)
 A = Elapsed time spent in this place.
 B = Non-inter-level travel time spent in this place.
 C = Inter-level travel time spent in this place.
 D = Time resting spent in this place.
 E = Time spent auto-exploring this place.
 F = Levels seen in this place.
 G = Mean time per level.
                   A        B        C        D        E       F      G
               +--------+--------+--------+--------+--------+-----+--------+
         Total |   3702 |   3362 |    340 |    955 |   1230 |   3 | 1234.0 |
       Dungeon |   3702 |   3362 |    340 |    955 |   1230 |   3 | 1234.0 |
               +--------+--------+--------+--------+--------+-----+--------+

Top non-repeatable levels by time:
     D:2: 1628 daAuts
     D:1: 1485 daAuts
     D:3: 589 daAuts
